 Dungeon Crawl Stone Soup version 0.30.1-3-gfc49f6343a (webtiles) character file.

Game seed: 9782780165014270677

1264 Peloso the Carver (level 8, -2/69 HPs)
             Began as a Minotaur Fighter on July 22, 2023.
             Slain by an ogre
             ... wielding a +0 giant spiked club
              (23 damage)
             ... on level 6 of the Dungeon.
             The game lasted 00:08:03 (5360 turns).

Peloso the Carver (Minotaur Fighter)                Turns: 5360, Time: 00:08:03

Health: -2/69      AC: 10    Str: 21    XL:     8   Next: 27%
Magic:  7/7        EV:  9    Int:  5    God:
Gold:   352        SH:  5    Dex: 12    Spells: 7/7 levels left

rFire   . . .        a - +0 long sword
rCold   . . .        d - +0 buckler
rNeg    . . .        c - +0 chain mail
rPois   .            (helmet restricted)
rElec   .            (no cloak)
rCorr   .            (no gloves)
SInv    .            (no boots)
Will    +....        (no amulet) Stlth
                     l - ring of willpower
HPRegen 0.31/turn    (no ring)
MPRegen 0.10/turn

%: no passive effects
@: no status effects
A: horns 2, retaliatory headbutt
a: no special abilities


You were on level 6 of the Dungeon.
You visited 2 branches of the dungeon, and saw 7 of its levels.

You collected 352 gold pieces.

Inventory:

Hand Weapons
 a - a +0 long sword (weapon)
 b - a +0 whip of flaming
Armour
 c - a +0 chain mail (worn)
 d - a +0 buckler (worn)
Jewellery
 l - a ring of willpower (left hand)
 r - a ring of willpower
 t - a ring of ice
Wands
 v - a wand of acid (6)
Scrolls
 e - 3 scrolls of identify
 f - 2 scrolls of torment {unknown}
 g - 2 scrolls of noise {unknown}
 i - 3 scrolls of teleportation {unknown}
 k - a scroll of poison
 p - 2 scrolls of immolation {unknown}
 q - a scroll of brand weapon {unknown}
 s - a scroll of amnesia {unknown}
 u - a scroll of blinking {unknown}
Potions
 h - 4 potions of curing
 j - 2 potions of brilliance
 m - 2 potions of magic
 n - 3 potions of resistance
 o - 2 potions of might
 w - a potion of haste


   Skills:
 + Level 5.5 Fighting
 + Level 8.1 Long Blades
 + Level 7.5 Armour
 + Level 2.1 Dodging
 + Level 0.2 Stealth
 + Level 5.1 Shields


You had 7 spell levels left.
You didn't know any spells.
Your spell library contained the following spells:

 Spells                   Type           Power      Damage    Failure   Level
 Freeze                   Ice            0%         1d3       98%         1
 Hailstorm                Conj/Ice       0%         3d3       100%        3
 Metabolic Englaciation   Hex/Ice        0%         N/A       100%        5


Dungeon Overview and Level Annotations

Branches:
Dungeon (6/15)             Temple (1/1) D:5

Altars:
Ashenzari
Cheibriados
Dithmenos
Elyvilon
Hepliaklqana
Kikubaaqudgha
Makhleb
Qazlal
Sif Muna
Trog
Vehumet
Xom
Yredelemnul
The Shining One


Innate Abilities, Weirdness & Mutations

You have a pair of horns on your head.
You reflexively headbutt those who attack you in melee.


Message History

The sky beast is severely wounded.
You block the sky beast's attack.
You hit the sky beast.
The sky beast is almost dead.
The sky beast closely misses you.
You hit the sky beast. Your headbutt misses the sky beast.
The sky beast is almost dead.
The sky beast hits you but does no damage.
You closely miss the sky beast. Your headbutt misses the sky beast.
The sky beast is almost dead.
The sky beast closely misses you. You furiously retaliate!
You headbutt the sky beast!
You kill the sky beast!
Your Long Blades skill increases to level 8!
You see here a sky beast corpse.
An ogre comes into view. It is wielding a +0 giant spiked club.
The ogre shouts!
An ogre is nearby!
Found 20 gold pieces.
The ogre closely misses you.
You hit the ogre.
The ogre is lightly wounded.
The ogre closely misses you.
You slash the ogre!
The ogre is heavily wounded.
You hit the ogre but do no damage. You headbutt the ogre.
The ogre is heavily wounded.
The ogre hits you with a +0 giant spiked club!
You hit the ogre but do no damage.
The ogre is heavily wounded.
The ogre closely misses you.
You barely miss the ogre. Your headbutt misses the ogre.
The ogre is heavily wounded.
You slash the ogre!
The ogre is severely wounded.
The ogre hits you with a +0 giant spiked club!!
You hit the ogre. You headbutt the ogre.
The ogre is almost dead.
The ogre hits you with a +0 giant spiked club!!
You die...

......# ......## #...##
# ....... . ## #....#$##
.$....## #..####....#..#
.......# ##.#...........
......####..............
......##...$............
..<#......#......O......
..###..#......##@.....#
.# ##................# .
##.....†.........#
.....................
.................#...
>...#.#......$....# ..
....###.###.......# .
... #.# #$#....... #.
..##......


You could see an ogre.

Vanquished Creatures
  Pikel (D:3)
  A sky beast (D:6)
  2 black bears
  3 lemures (D:3)
  2 phantoms
  A scorpion (D:5)
  A howler monkey (D:5)
  A hound (D:5)
  2 orc priests
  A jelly (D:5)
  An iguana (D:5)
  3 gnolls (D:5)
  5 adders
  2 ufetubi (D:5)
  2 worms
  A dart slug (D:4)
  12 orcs
  8 endoplasms
  6 giant cockroaches
  4 goblins
  7 hobgoblins
  5 kobolds
  5 quokkas
  6 ball pythons
  5 bats
  3 frilled lizards
  6 rats
96 creatures vanquished.

Notes
Turn   | Place    | Note
-------+----------+-------------------------------------------
     0 | D:1      | Peloso the Minotaur Fighter began the quest for the Orb.
     0 | D:1      | Reached XP level 1. HP: 19/19 MP: 0/0
   253 | D:1      | Reached XP level 2. HP: 27/27 MP: 1/1
  1318 | D:2      | Reached XP level 3. HP: 26/33 MP: 2/2
  1759 | D:2      | Reached skill level 3 in Long Blades
  1960 | D:3      | Found a white marble altar of Elyvilon.
  1966 | D:3      | Found a broken altar of Ashenzari.
  1967 | D:3      | Found an ancient bone altar of Kikubaaqudgha.
  1967 | D:3      | Found a glowing golden altar of the Shining One.
  2186 | D:3      | Reached XP level 4. HP: 40/40 MP: 3/3
  2200 | D:3      | Found a faded altar of an unknown god.
  2403 | D:3      | Reached skill level 4 in Long Blades
  2834 | D:3      | Reached XP level 5. HP: 47/47 MP: 4/4
  3200 | D:4      | Noticed a phantom
  3231 | D:4      | Killed a phantom
  3232 | D:4      | Reached skill level 5 in Armour
  3232 | D:4      | Reached skill level 1 in Dodging
  3418 | D:4      | Noticed a lemure
  3418 | D:4      | Noticed a lemure
  3418 | D:4      | Noticed a lemure
  3438 | D:3      | Killed a lemure
  3484 | D:3      | Killed a lemure
  3603 | D:4      | Noticed a lemure
  3603 | D:4      | Noticed Pikel
  3614 | D:3      | Killed a lemure
  3678 | D:3      | Killed Pikel
  3679 | D:3      | Reached skill level 5 in Fighting
  3679 | D:3      | Reached skill level 6 in Long Blades
  3679 | D:3      | Reached XP level 6. HP: 10/56 MP: 5/5
  3679 | D:3      | Reached XP level 7. HP: 11/61 MP: 6/6
  4152 | D:4      | Found a stormy altar of Qazlal.
  4420 | D:5      | Entered Level 5 of the Dungeon
  4675 | D:5      | Reached skill level 5 in Shields
  4739 | D:5      | Got Saodoc's Tome of Ice
  4770 | D:5      | Reached skill level 7 in Long Blades
  4942 | D:5      | Reached XP level 8. HP: 68/69 MP: 7/7
  5098 | D:5      | Found a staircase to the Ecumenical Temple.
  5113 | Temple   | Entered the Ecumenical Temple
  5113 | Temple   | Found a transporter.
  5113 | Temple   | Found a transporter.
  5115 | Temple   | Found a transporter.
  5115 | Temple   | Found a transporter.
  5349 | D:6      | Reached skill level 8 in Long Blades
  5360 | D:6      | Slain by an ogre

Illustrated notes

Levels and vault maps discovered:
D:1:      lemuel_arrival_funnel, layout_basic, chequers_serial_rivers_small_b
D:2:      layout_basic, grunt_decor_clamped
D:3:      layout_basic, minitemple, shapermc_ecumenical_altar_petra,
          grunt_ministairs_11, minmay_pentangle
D:4:      layout_gridville, nicolae_qazlal_general_emergency,
          chequers_serial_rivers_room_a, uniq_pikel
D:5:      layout_loops_ring, minmay_temple_entry_proselytizer
D:6:      layout_cave_pools, mainiacjoe_overflow_surrounded_room,
          nemelex_diamond_rough_becter, uniq_sigmund, uniq_maggie, uniq_grinder
Temple:   hellmonk_temple_divided_pantheon

Skill      XL: |  1  2  3  4  5  6  7  8 |
---------------+-------------------------+-----
Armour         | 4 6 7 |  7.5
Shields        | 4 5 |  5.1
Fighting       | 4 5 |  5.5
Long Blades    | 3 4 6 7 8 |  8.1
Dodging        | 2 |  2.1
Stealth        | |  0.2

Action                     |  1- 3 |  4- 6 |  7- 9 || total
---------------------------+-------+-------+-------++-------
  Melee: Long sword        |    79 |   138 |   108 ||   325
         Headbutt          |    12 |    21 |    15 ||    48
    Use: Potion            |     4 |     3 |       ||     7
         Scroll            |     3 |     2 |       ||     5
 Armour: Scale mail        |    45 |     9 |       ||    54
         Chain mail        |       |    54 |    61 ||   115
  Dodge: Dodged            |    39 |    51 |    41 ||   131
  Block: Buckler           |    25 |    27 |    23 ||    75
